 Dungeon Crawl Stone Soup version 0.21.1-1-g345015f (webtiles) character file.

49 Monsterracer the Insei (level 3, 0/28 HPs)
             Began as a Draconian Wanderer on Feb 12, 2018.
             Slain by Natasha (7 damage)
             ... on level 2 of the Dungeon.
             The game lasted 00:01:47 (1478 turns).

Monsterracer the Insei (Draconian Wanderer)         Turns: 1478, Time: 00:01:48

Health: 0/28       AC:  5    Str: 12    XL:     3   Next: 51%
Magic:  4/4        EV: 12    Int: 13    God:
Gold:   35         SH:  0    Dex: 12    Spells: 2/2 levels left

rFire    . . .     SeeInvis .     - Unarmed
rCold    . . .     Gourm    .   (no shield)
rNeg     . . .     Faith    .   (armour unavailable)
rPois    .         Spirit   .   (helmet restricted)
rElec    .         Reflect  .   (no cloak)
rCorr    .         Harm     .   (no gloves)
MR       .....                  (no boots)
Stlth    +.........             (no amulet)
HPRegen  0.09/turn              (no ring)
MPRegen  0.09/turn              (no ring)

@: slowed, very slow
A: unfitting armour, cold-blooded, AC +5
a: no special abilities


You were on level 2 of the Dungeon.
You were not hungry.

You visited 1 branch of the dungeon, and saw 2 of its levels.

You collected 35 gold pieces.

Inventory:

Wands
 f - a wand of random effects (15)
Scrolls
 d - 2 scrolls of immolation {unknown}
 e - 2 scrolls of identify {unknown}
 k - a scroll of blinking {unknown}
Potions
 b - a potion of lignification
 g - a potion of mutation {unknown}
 h - a potion of might {unknown}
 i - 2 potions of curing {unknown}
 j - 2 potions of cancellation {unknown}
Books
 a - a Young Poisoner's Handbook

   Spells                             Type                      Level
   a - Sting                          Conjuration/Poison           1
   b - Poisonous Vapours              Poison/Air                   2
   c - Mephitic Cloud                 Conjuration/Poison/Air       3
   d - Olgreb's Toxic Radiance        Poison                       4
   e - Venom Bolt                     Conjuration/Poison           5
Comestibles
 c - 4 rations
 l - a chunk of flesh


   Skills:
 + Level 1.3 Fighting
   Level 2.0 Long Blades
 - Level 1.7 Dodging
 * Level 3.1 Unarmed Combat
   Level 3.0 Poison Magic
 - Level 2.0 Evocations


You had 2 spell levels left.
You didn't know any spells.

Dungeon Overview and Level Annotations

Branches:
Dungeon (2/15)

Altars:

Annotations:
D:2 Natasha


Innate Abilities, Weirdness & Mutations

Your plain brown scales are hard. (AC +5)
You cannot fit into any form of body armour.
You are cold-blooded and may be slowed by cold attacks.


Message History

You closely miss the giant cockroach.
The giant cockroach is moderately wounded.
The giant cockroach bites you but does no damage.
You hit the giant cockroach but do no damage.
Your tail-slap misses the giant cockroach.
The giant cockroach is moderately wounded.
The giant cockroach closely misses you.
You hit the giant cockroach.
The giant cockroach is severely wounded.
The giant cockroach barely misses you.
You closely miss the giant cockroach.
The giant cockroach is severely wounded.
The giant cockroach bites you but does no damage.
You hit the giant cockroach but do no damage.
Your tail-slap misses the giant cockroach.
The giant cockroach is severely wounded.
The giant cockroach bites you but does no damage.
The giant cockroach misses you.
You barely miss the giant cockroach.
The giant cockroach is severely wounded.
The giant cockroach barely misses you.
You barely miss the giant cockroach.
You tail-slap the giant cockroach, but do no damage.
The giant cockroach is severely wounded.
The giant cockroach bites you but does no damage.
You hit the giant cockroach.
You kill the giant cockroach!
No target in view!
No target in view!
j - 2 lumpy red potions You butcher the giant cockroach corpse.
l - 2 chunks of flesh Eating one of 2 chunks of flesh.
You eat one of the 2 chunks of flesh.
This raw flesh tastes terrible.
A frilled lizard comes into view.
The frilled lizard hisses angrily.
Natasha, Servant of Life and Death comes into view.
There are monsters nearby!
Found a stone staircase leading up.
Natasha hisses angrily.
You hit the frilled lizard.
You kill the frilled lizard!
You hit Natasha but do no damage. Natasha barely misses you.
You barely miss Natasha.
Natasha howls an incantation.
Natasha's front paws start to glow.
Natasha claws you.
You take 1 damage, and have 27/28 hp.
You hit Natasha.
Natasha is moderately wounded.
Natasha claws you.
You take 5 damage, and have 22/28 hp.
You hit Natasha but do no damage.
Natasha is moderately wounded.
Natasha claws you but does no damage.
You hit Natasha but do no damage.
Natasha is moderately wounded.
Natasha claws you but does no damage.
You barely miss Natasha.
Natasha is moderately wounded.
Natasha barely misses you.
You barely miss Natasha. You punch Natasha.
Natasha is heavily wounded.
Natasha misses you.
You closely miss Natasha.
Natasha is heavily wounded.
Natasha barely misses you.
You barely miss Natasha.
Natasha is heavily wounded.
Natasha completely misses you.
You hit Natasha.
You tail-slap Natasha, but do no damage.
Natasha is heavily wounded.
Natasha stares at you and mumbles some strange words.
You feel yourself slow down.
You barely miss Natasha.
Natasha is heavily wounded.
Natasha wildly gestures.
You feel troubled. Natasha casts a spell at you. The magic dart hits you!
You take 7 damage, and have 16/28 hp.
MASSIVE DAMAGE!!
You closely miss Natasha.
Natasha is heavily wounded.
Natasha claws you but does no damage.
You hit Natasha but do no damage.
Natasha is heavily wounded.
Natasha claws you but does no damage.
Natasha wildly gestures.
You feel disoriented. Natasha claws you!
* * * LOW HITPOINT WARNING * * *
You take 9 damage, and have 7/28 hp.
MASSIVE DAMAGE!!
You hit Natasha but do no damage.
Natasha is heavily wounded.
Natasha closely misses you.
You hit Natasha.
Natasha is almost dead.
Natasha closely misses you. Natasha claws you!
You die...

### ## #.h h. #.# l# ####
#.# #.# .## #... #.# #.# ..#
#... #.# #.###..# #...
#.###########......## #...
#...<@h............... #...
#.###########..##..###
.###...##.###########..##..#
...'.................>.....#
..##...#..#####.#####..###.#
#...#..# #.# ...# .#
#.##...#..# #.# .#..# .#
..#...#..# ### ####
#.#####..###


You could see Natasha.

Vanquished Creatures
  2 adders (D:2)
  3 dart slugs
  A leopard gecko (D:1)
  2 giant cockroaches
  2 goblins (D:1)
  3 hobgoblins (D:1)
  4 kobolds (D:1)
  A ball python (D:1)
  A bat (D:1)
  3 frilled lizards
  3 rats (D:1)
25 creatures vanquished.

Notes
Turn   | Place    | Note
-------+----------+-------------------------------------------
     0 | D:1      | Monsterracer the Draconian Wanderer began the quest for the Orb.
     0 | D:1      | Monsterracer set off with: a Young Poisoner's Handbook, a potion of lignification, a ration, a +0 club, a wand of random effects (15)
     0 | D:1      | Reached XP level 1. HP: 16/16 MP: 2/2
    47 | D:1      | Reached skill level 1 in Unarmed Combat
   170 | D:1      | HP: 7/16 [kobold/vampiric short sword (2)]
   172 | D:1      | HP: 3/16 [kobold/vampiric short sword (4)]
   173 | D:1      | Reached XP level 2. HP: 5/23 MP: 3/3
  1189 | D:2      | Reached XP level 3. HP: 20/28 MP: 4/4
  1449 | D:2      | Noticed Natasha
  1476 | D:2      | HP: 7/28 [Natasha (9)]
  1478 | D:2      | Slain by Natasha

Skill      XL: |  1  2  3 |
---------------+----------+-----
Unarmed Combat | 1 2 3 |  3.1
Fighting       | |  1.3
Long Blades    | |  2.0
Dodging        | |  1.7
Poison Magic   | |  3.0
Evocations     | |  2.0

Action                   || total
-------------------------++-------
Melee: Unarmed           ||   127
       Tailslap          ||    16
       Punch             ||     2
 Stab: Sleeping          ||     2
  Eat: Chunk             ||     2
Armor: Skin              ||    29
Dodge: Dodged            ||    59

Vault maps used:
D:1:      minmay_arrival_semitransparent
D:2:      nicolae_overflow_crystal_walls, first_ration,
          kennysheep_big_empty_room, uniq_natasha, uniq_crazy_yiuf_cottage
